 Dungeon Crawl Stone Soup version 0.30-a0-726-gd89dcf765f (webtiles) character file.

Game seed: 6484489866274621768

12623 Conn the Arsonist (level 11, -1/63 (64) HPs)
             Began as an Octopode Fire Elementalist on Jan 29, 2023.
             Was a Priest of Sif Muna.
             Shot with a bolt by an orc warrior (7 damage)
             ... on level 2 of the Orcish Mines.
             The game lasted 00:40:48 (12036 turns).

Conn the Arsonist (Octopode Fire Elementalist)     Turns: 12036, Time: 00:40:49

HP:   -1/63 (64)    AC:  1    Str:  7    XL:     11   Next: 96%
MP:   3/22          EV: 15    Int: 27    God:    Sif Muna [***...]
Gold: 922           SH:  8    Dex: 12    Spells: 4/25 levels left

rFire   + + .      SeeInvis .    k - +1 falchion of the Foot {elec, rC++}
rCold   . . .      Faith    .    e - +3 buckler
rNeg    . . .      Spirit   .    (helmet restricted)
rPois   .          Reflect  .    E - amulet of the acrobat
rElec   +          Harm     .    l - ring of flight
rCorr   .          Rampage  .    h - ring of wizardry
Will    +....                    d - ring of Qizxum {Fire Int+2}
Stlth   +++++                    q - ring "Nammoxa" {rElec Will+ Int+4 Dex-2 Stlth+}
HPRegen 0.30/turn                B - ring of wizardry
MPRegen 0.18/turn                m - ring of fire
                                 (no ring)
                                 (no ring)

@: flying, very slightly contaminated, lightly drained
A: almost no armour, amphibious, 8 rings, camouflage 1, gelatinous body 1,
(nimble swimmer 1), tentacles
a: Renounce Religion, Channel Magic, Forget Spell


You were on level 2 of the Orcish Mines.
You worshipped Sif Muna.
Sif Muna was most pleased with you.
You visited 3 branches of the dungeon, and saw 13 of its levels.

You collected 1187 gold pieces.
You spent 265 gold pieces at shops.

Inventory:

Hand Weapons
 f - a +0 short sword
 g - a +4 short sword of freezing
 k - the +1 falchion of the Foot (weapon) {elec, rC++}
   (You found it on level 3 of the Dungeon)

   rC:        It greatly protects you from cold.
Missiles
 n - 8 curare-tipped darts
 r - 6 throwing nets
 u - 2 atropa-tipped darts
Armour
 e - a +3 buckler (worn)
Magical Staves
 p - a staff of air
Jewellery
 d - the ring of Qizxum (on tentacle) {Fire Int+2}
   (You found it on level 6 of the Dungeon)

   [ring of fire]

   It enhances your fire magic.
   Int:       It affects your intelligence (+2).
   rF:        It protects you from fire.
   rC:        It makes you vulnerable to cold.
 h - a ring of wizardry (right tentacle)
 l - a ring of flight (left tentacle)
 m - a ring of fire (on tentacle)
 q - the ring "Nammoxa" (on tentacle) {rElec Will+ Int+4 Dex-2 Stlth+}
   (You acquired it on level 9 of the Dungeon)

   [ring of willpower]

   Int:       It affects your intelligence (+4).
   Dex:       It affects your dexterity (-2).
   rElec:     It insulates you from electricity.
   Will:      It increases your willpower.
   Stlth:     It makes you more stealthy.
 B - a ring of wizardry (on tentacle)
 E - an amulet of the acrobat (around mantle)
Wands
 o - a wand of flame (28)
 v - a wand of paralysis (9)
 A - a wand of acid (4)
Scrolls
 b - 2 scrolls of summoning
 i - 2 scrolls of vulnerability {unknown}
 j - 4 scrolls of teleportation
 s - a scroll of blinking
 t - 2 scrolls of enchant armour
 y - a scroll of amnesia
 z - 3 scrolls of torment
Potions
 a - 3 potions of magic
 w - a potion of mutation
 C - a potion of cancellation
 D - a potion of lignification


   Skills:
 + Level 1.7 Fighting
 + Level 2.2 Long Blades
 * Level 7.0 Dodging
 + Level 6.0 Stealth
 * Level 6.9 Shields
 + Level 7.9 Spellcasting
 + Level 6.6 Conjurations
 + Level 1.7 Hexes
 * Level 4.0 Summonings
 * Level 8.9 Fire Magic
 + Level 0.6 Earth Magic
 * Level 5.8 Invocations
 + Level 0.1 Evocations


You had 4 spell levels left.
You knew the following spells:

 Your Spells              Type           Power      Damage    Failure   Level
a - Foxfire               Conj/Fire      100%       2x1d9     1%          1
b - Stone Arrow           Conj/Erth      60%        3d10      1%          3
c - Inner Flame           Hex/Fire       73%        N/A       1%          3
d - Flame Wave            Conj/Fire      87%        2d19      1%          4
e - Scorch                Fire           100%       2d10      1%          2
f - Summon Forest         Summ/Tloc      10%        N/A       21%         5
g - Ignite Poison         Fire/Tmut/Pois 57%        N/A       1%          3

Your spell library contained the following spells:

 Spells                   Type           Power      Damage    Failure   Level
 Sandblast                Erth           28%        2d8       1%          1
 Slow                     Hex            80%        N/A       1%          1
 Kindle Blastsparks       Fire/Tloc/Air  100%       2d18      1%          3
 Sticky Flame             Conj/Fire      87%        2d10      1%          4
 Passwall                 Tmut/Erth      10%        N/A       2%          2
 Confusing Touch          Hex            20%        N/A       2%          3
 Cigotuvi's Dreadful Rot  Necr/Pois/Air  20%        N/A       3%          2
 Vampiric Draining        Necr           10%        2d6       5%          3
 Dispel Undead            Necr           10%        3d9       17%         4
 Summon Mana Viper        Hex/Summ       26%        N/A       16%         5
 Summon Cactus Giant      Summ           16%        N/A       43%         6
 Death Channel            Necr           5%         N/A       92%         6
 Ignition                 Fire           46%        3d13      93%         8


Dungeon Overview and Level Annotations

Branches:
Dungeon (10/15)            Temple (1/1) D:7             Orc (2/2) D:10
   Lair: D:8-11         Elf: Orc:2

Altars:
Dithmenos
Elyvilon
Fedhas
Hepliaklqana
Okawaru
Qazlal
Ru
Sif Muna
Trog
Uskayaw
Vehumet
Wu Jian
Xom

Shops:
D:10 ?*

Annotations:
D:6 2 transporters


Innate Abilities, Weirdness & Mutations

You cannot wear most types of armour.
You are amphibious.
You can wear up to eight rings at the same time.
Your skin changes colour to match your surroundings (Stealth+).
Your rubbery body absorbs attacks. (AC +1, EV +1)
((You are camouflaged when in or above water. (Stealth+)))
You have tentacles for arms and can constrict up to eight enemies at once.


Message History

The scroll dissolves into smoke.
The orc wizard misses you.
The orc priest begins to cast a cantrip, but forgets the words!
Casting: Flame Wave (dangerous; 1% risk of failure)
Confirm with . or Enter, or press ? or * to list all spells.
Okay, then.
Unknown command.
Unknown command.
Casting: Flame Wave (dangerous; 1% risk of failure)
Confirm with . or Enter, or press ? or * to list all spells.
Aiming: Stone Arrow (safe; 1% risk of failure)
Press: ? - help, Shift-Dir - straight line, f - orc sorcerer
Aim: an orc sorcerer, wielding a +0 dagger and wearing a +0 robe of willpower (almost dead, more vulnerable to fire, 67% to hit)
Okay, then.
Unknown command.
The orc wizard attacks as you move away!
You block the orc wizard's attack.
Found 18 gold pieces.
The orc priest invokes the aid of Beogh against you.
Beogh smites you!
Casting: Stone Arrow (safe; 1% risk of failure)
Confirm with . or Enter, or press ? or * to list all spells.
The spell is quite dangerous to miscast (21% risk of failure)!
Continue anyway?
You miscast Summon Forest.
You are very lightly contaminated with residual magic.
Distant voices call out in your mind.
A nameless horror comes into view.
The orc wizard hits you with a +0 dagger.
The orc misses you.
The orc priest calls down the wrath of Beogh upon you.
Beogh smites you!
* * * LOW HITPOINT WARNING * * *
Blink to where?
Press: ? - help, Dir - move target An orc, an orc warrior and 2 orc priests come into view.
Found 7 gold pieces.
As you read the scroll of blinking, it crumbles to dust.
The orc priest hits you with a +0 mace!
* * * LOW HITPOINT WARNING * * *
The orc warrior unwields a +0 war axe.
The orc warrior wields a +0 arbalest.
The orc warrior shoots a bolt.
The bolt hits you!
You die...

.#.......o..§§§§§...#
#..........§§§h§X...#
##..........o§§§§...#
##.O.....#....§§......
#...#...#.............
#...#....^..........#.
...........#........#
#.........#.......#
#..o@.....$.......
#........$...
##.........##
.......o....#
..o......#.#.#.
....##o..... # ...#
..... ## ... #.....


You could see a warg, an orc warrior, 2 orc priests, an orc wizard and an orc
(wandering).

Vanquished Creatures
  A catoblepas (D:9)
  An orc sorcerer (Orc:1)
  Joseph (D:7)
  Maurice (D:9)
  An orange demon (D:9)
  A gargoyle (D:10)
  4 trolls
  Prince Ribbit (D:7)
  2 shadows
  2 wyverns
  2 vampires
  10 yaks
  2 steam dragons
  Grum (D:8)
  The ghost of anet the Sneak, an amateur GnBr (D:6)
  An acid dragon (D:10)
  A water moccasin (D:6)
  10 orc warriors
  3 ogres
  6 ice beasts
  4 wolves (D:8)
  2 phantoms
  5 kobold brigands (D:10)
  3 gnoll sergeants
  6 bullfrogs
  A necrophage (D:4)
  A scorpion (D:4)
  11 wights (D:7)
  15 killer bees
  2 howler monkeys
  A wyvern simulacrum (D:6)
  3 hounds
  3 jellies
  6 orc priests
  An iguana (D:5)
  15 orc wizards
  3 bullfrog simulacra (D:6)
  6 gnolls
  8 adders
  2 white imps (D:6)
  3 dart slugs
  39 orcs
  11 ball pythons
  3 bats
  4 endoplasms (D:1)
  3 giant cockroaches
  9 goblins
  4 hobgoblins
  3 jackals (D:5)
  2 quokkas
  4 kobolds
  4 rats
239 creatures vanquished.

Vanquished Creatures (collateral kills)
  Amaemon (D:8)
  A yak (D:8)
  A white imp (D:6)
3 creatures vanquished.

Vanquished Creatures (others)
  An orc wizard (Orc:1)
  A quokka (D:4)
  621 foxfires
623 creatures vanquished.

Grand Total: 865 creatures vanquished

Notes
Turn   | Place    | Note
-------+----------+-------------------------------------------
     0 | D:1      | Conn the Octopode Fire Elementalist began the quest for the
                  | Orb.
     0 | D:1      | Reached XP level 1. HP: 11/11 MP: 3/3
   232 | D:1      | Reached XP level 2. HP: 8/17 MP: 0/5
   774 | D:1      | Reached XP level 3. HP: 21/21 MP: 3/6
   777 | D:1      | Learned a level 2 spell: Scorch
   781 | D:1      | Learned a level 3 spell: Inner Flame
  1482 | D:2      | You fall into a shaft and drop 1 floor!
  1484 | D:3      | Found a blossoming altar of Fedhas.
  1628 | D:3      | Found a faded altar of an unknown god.
  1682 | D:3      | Found a sacrificial altar of Ru.
  1765 | D:3      | Identified the +1 falchion of the Foot {elec, rC++}
  1845 | D:3      | Reached XP level 4. HP: 27/27 MP: 7/7
  1868 | D:3      | Found an ornate altar of the Wu Jian Council.
  2307 | D:2      | Reached skill level 4 in Fire Magic
  2602 | D:4      | Noticed a necrophage
  2608 | D:4      | Killed a necrophage
  2609 | D:4      | Reached XP level 5. HP: 31/31 MP: 1/9
  2610 | D:4      | Noticed an ogre
  2635 | D:5      | Entered Level 5 of the Dungeon
  2727 | D:5      | Reached skill level 1 in Shields
  2799 | D:4      | Found a white marble altar of Elyvilon.
  3105 | D:4      | Noticed a phantom
  3112 | D:4      | Killed a phantom
  3113 | D:4      | Reached XP level 6. HP: 36/36 MP: 3/10
  3224 | D:4      | Reached XP level 7. HP: 41/41 MP: 5/11
  3765 | D:4      | Learned a level 4 spell: Flame Wave
  3818 | D:5      | Reached skill level 5 in Fire Magic
  3826 | D:5      | Reached XP level 8. HP: 41/47 MP: 0/13
  4103 | D:5      | Found a shadowy altar of Dithmenos.
  4255 | D:6      | Found a transporter.
  4422 | D:6      | Reached skill level 1 in Long Blades
  4476 | D:6      | Found a hide-covered altar of Uskayaw.
  4476 | D:6      | Found a transporter.
  4498 | D:6      | Found a runed translucent gate.
  4498 | D:6      | Found a runed translucent gate.
  4499 | D:6      | Found a runed translucent gate.
  4736 | D:6      | Learned a level 3 spell: Stone Arrow
  4858 | D:6      | Noticed anet's ghost (amateur GnBr)
  5367 | D:6      | Killed anet's ghost
  5368 | D:6      | Reached skill level 1 in Fighting
  5368 | D:6      | Reached XP level 9. HP: 53/53 MP: 2/15
  5382 | D:6      | Reached skill level 5 in Stealth
  5529 | D:6      | Got the ring of Qizxum {Fire Int+2}
  5711 | D:7      | Reached skill level 5 in Conjurations
  5711 | D:7      | Reached skill level 6 in Fire Magic
  5848 | D:7      | Reached skill level 5 in Spellcasting
  6108 | D:7      | Reached skill level 5 in Dodging
  6213 | D:7      | Found a staircase to the Ecumenical Temple.
  6242 | Temple   | Entered the Ecumenical Temple
  6339 | Temple   | Became a worshipper of Sif Muna the Loreminder
  6410 | D:7      | Noticed Prince Ribbit
  6420 | D:7      | Killed Prince Ribbit
  6593 | D:7      | Noticed a troll
  6594 | D:7      | Noticed a troll
  6632 | D:7      | Killed a troll
  6633 | D:7      | Reached skill level 5 in Shields
  6633 | D:7      | Reached XP level 10. HP: 53/59 MP: 7/19
  6670 | D:7      | Reached skill level 7 in Fire Magic
  6881 | D:7      | Noticed Joseph
  6889 | D:7      | Learned a level 5 spell: Summon Forest
  6895 | D:7      | Killed Joseph
  7032 | D:8      | Noticed Grum
  7034 | D:8      | Reached skill level 1 in Summonings
  7044 | D:9      | Reached skill level 1 in Invocations
  7230 | D:9      | Noticed Maurice
  7236 | D:9      | Killed Maurice
  7237 | D:9      | Reached skill level 1 in Hexes
  7250 | D:8      | Noticed Amaemon
  7250 | D:8      | Noticed an orange demon
  7257 | D:9      | Killed an orange demon
  7443 | D:9      | Found a shimmering altar of Xom.
  7443 | D:9      | Found a shimmering altar of Xom.
  7456 | D:9      | Noticed a catoblepas
  7457 | D:9      | Found a shimmering altar of Xom.
  7457 | D:9      | Found a shimmering altar of Xom.
  7457 | D:9      | Found a shimmering altar of Xom.
  7653 | D:10     | Entered Level 10 of the Dungeon
  7696 | D:9      | Identified a scroll of acquirement
  7697 | D:9      | Acquired the ring "Nammoxa" {rElec Will+ Int+4 Dex-2
                  | Stlth+}
  7902 | D:9      | Reached * piety under Sif Muna
  8004 | D:9      | Found a shimmering altar of Xom.
  8004 | D:9      | Found a shimmering altar of Xom.
  8017 | D:9      | Killed a catoblepas
  8234 | D:9      | Reached XP level 11. HP: 33/63 MP: 12/21
  8614 | D:8      | Killed Grum
  8697 | D:8      | Reached skill level 8 in Fire Magic
  9016 | D:8      | Reached skill level 5 in Invocations
  9171 | D:8      | Killed Amaemon
  9450 | D:8      | Found a bloodstained altar of Trog.
  9628 | D:10     | Reached ** piety under Sif Muna
  9751 | D:10     | Found an iron altar of Okawaru.
  9751 | D:10     | Found a hazy altar of Hepliaklqana.
 10131 | D:10     | Found Heogokyk's Magic Scroll Shop.
 10144 | D:10     | Bought a scroll of torment for 104 gold pieces
 10144 | D:10     | Bought a scroll of summoning for 104 gold pieces
 10250 | D:10     | Found a radiant altar of Vehumet.
 10336 | D:10     | Found Decaa's Assorted Antiques.
 10346 | D:10     | Bought a potion of lignification for 57 gold pieces
 10843 | D:10     | Found a staircase to the Orcish Mines.
 11404 | D:10     | Learned a level 3 spell: Ignite Poison
 11415 | Orc:1    | Entered Level 1 of the Orcish Mines
 11437 | Orc:1    | Noticed an orc sorcerer
 11556 | Orc:1    | Killed an orc sorcerer
 11612 | Orc:1    | Reached *** piety under Sif Muna
 12026 | Orc:2    | Entered Level 2 of the Orcish Mines
 12026 | Orc:2    | Noticed an orc sorcerer
 12032 | Orc:2    | Noticed a sixfirhy
 12035 | Orc:2    | Noticed a nameless horror
 12036 | Orc:2    | Shot with a bolt by an orc warrior

Illustrated notes

Levels and vault maps discovered:
D:1:      lightli_arrival_farm, layout_basic, minmay_unequal
D:2:      layout_basic, nicolae_half_adder
D:3:      layout_basic, mainiacjoe_overflow_cross_hatched,
          mainiacjoe_overflow_24_doors, fedhas_ov_isle_minmay,
          dreamdust_ecumenical_altar_angels_and_demons, st_stairs_12
D:4:      layout_layer_cave, elyvilon_altar_4
D:5:      layout_rooms, lemuel_round_altar
D:6:      gammafunk_steamed_eel, layout_cave_pods, mainiacjoe_overflow_paths,
          gammafunk_ghost_icy
D:7:      layout_basic, minmay_temple_entry_slanted, columned_hall_lemuel,
          kb_rosetta, uniq_joseph, uniq_prince_ribbit1
D:8:      layout_rooms, mainiacjoe_overflow_alcove_2, enter_ossuary_5,
          uniq_grum, uniq_amaemon
D:9:      layout_roguey, nicolae_xom_altar_mimics, kennysheep_generic_room_13,
          uniq_maurice
D:10:     layout_layer_cave, gammafunk_temple_overflow_wave,
          vehumet_altar_wand_db, kennysheep_orc_monster_closet_entryway,
          serial_shops, nicolae_shop_overgrown_old_shop, nicolae_stop_n_shop_1,
          hangedman_decor_growths
Temple:   minmay_temple_curvy_loop
Orc:1:    layout_caves
Orc:2:    st_orc_ogre_mass, layout_caves, serial_shops, shop,
          lemuel_statue_altar

Skill      XL: |  1  2  3  4  5  6  7  8  9 10 11 |
---------------+----------------------------------+-----
Stealth        | 3 4 5 6 |  6.0
Fire Magic     | 4 5 6 7 8 |  8.9
Conjurations   | 2 3 4 5 6 |  6.6
Shields        | 1 3 4 5 6 |  6.9
Dodging        | 3 4 5 6 7 |  7.0
Spellcasting   | 3 4 6 7 |  7.9
Long Blades    | 1 2 |  2.2
Fighting       | 1 |  1.7
Summonings     | 2 4 |  4.0
Invocations    | 3 5 |  5.8
Hexes          | 1 |  1.7
Earth Magic    | |  0.6
Evocations     | |  0.1

Action                     |  1- 3 |  4- 6 |  7- 9 | 10-12 || total
---------------------------+-------+-------+-------+-------++-------
  Melee: Unarmed           |     2 |       |       |       ||     2
         Tentacles         |     4 |     1 |    13 |     1 ||    19
         Constrict         |     2 |     1 |     8 |     1 ||    12
         Falchion          |     3 |     4 |    47 |     4 ||    58
         Short sword       |     3 |       |       |       ||     3
         Punch             |       |       |       |     1 ||     1
   Cast: Foxfire           |    56 |    52 |    99 |   155 ||   362
         Scorch            |     1 |     4 |    33 |    54 ||    92
         Inner Flame       |       |       |     4 |    25 ||    29
         Flame Wave        |       |       |     7 |    19 ||    26
         Stone Arrow       |       |       |     2 |     1 ||     3
 Invoke: Channel Magic     |       |       |       |     1 ||     1
  Evoke: Wand              |       |       |       |     2 ||     2
    Use: Scroll            |     1 |     4 |     6 |    16 ||    27
         Potion            |       |       |    10 |     3 ||    13
   Stab: Sleeping          |     2 |       |     4 |     1 ||     7
 Armour: Skin              |     1 |       |    21 |     1 ||    23
  Dodge: Dodged            |    11 |     1 |    59 |    42 ||   113
  Block: Buckler           |       |       |       |     9 ||     9

Table legend: (Time is in decaauts)
 A = Elapsed time spent in this place.
 B = Non-inter-level travel time spent in this place.
 C = Inter-level travel time spent in this place.
 D = Time resting spent in this place.
 E = Time spent auto-exploring this place.
 F = Levels seen in this place.
 G = Mean time per level.
                   A        B        C        D        E       F      G
               +--------+--------+--------+--------+--------+-----+--------+
         Total |  12057 |  11760 |    297 |    585 |   8427 |  13 |  927.5 |
       Dungeon |  11427 |  11153 |    274 |    585 |   7925 |  10 | 1142.7 |
        Temple |    120 |     97 |     23 |      0 |     89 |   1 |  120.0 |
  Orcish Mines |    509 |    509 |      0 |      0 |    413 |   2 |  254.5 |
               +--------+--------+--------+--------+--------+-----+--------+

Top non-repeatable levels by time:
    D:10: 2047 daAuts
     D:9: 1559 daAuts
     D:6: 1293 daAuts
     D:7: 1254 daAuts
     D:4: 1126 daAuts
     D:1: 1095 daAuts
     D:8: 907 daAuts
     D:5: 775 daAuts
     D:2: 771 daAuts
     D:3: 597 daAuts
   Orc:1: 499 daAuts
  Temple: 120 daAuts
   Orc:2: 9 daAuts
